AoeStats
← [POKR]Benzunum

Arabia

510462382Analyzed
3v3 RM · 1d ago on Oct 1, 2026· 40m 44s· 6 players
Game mode
Random Map
Map size
Normal (6 player)
Population
200
Speed
Normal
Resources
Standard
Victory
Conquest
Starting age
Dark Age
Ending age
Imperial Age
RankedLock teamsTeams togetherTeam positionsShared explorationLock speedFull tech treeHidden civsTurbo modeCheats
Victory
Defeat
🇺🇸 Bulgarians · United States
1272
+14
🇺🇸 Vikings · United States
1272
+14
🇺🇸 Britons · United States
1251
+16
🇨🇴 Saracens · Colombia
1247
-15
🇨🇴 Vietnamese · Colombia
1245
-15
🇨🇴 Japanese · Colombia
1220
-14
[POKR]Benzunum
7:14 Loom
9:17 Feudal Age
10:04 Arson
10:14 Arson
10:37 Man-at-Arms
13:31 Double-Bit Axe
21:03 Castle Age
19:51 Scale Barding Armor
20:42 Bloodlines
21:32 Forging
24:46 Husbandry
25:10 Chain Barding Armor
27:58 Bow Saw
27:57 Horse Collar
30:24 Gold Mining
Splattcol
8:20 Loom
10:47 Feudal Age
14:45 Castle Age
13:08 Double-Bit Axe
14:04 Horse Collar
34:12 Sanctity
Tizon
7:27 Loom
9:50 Feudal Age
17:07 Double-Bit Axe
19:27 Horse Collar
22:33 Scale Barding Armor
22:39 Forging
23:44 Bloodlines
30:36 Castle Age
28:53 Gold Mining
32:01 Iron Casting
34:15 Wheelbarrow
35:06 Husbandry
38:16 Chain Barding Armor
kyles.jav
6:41 Loom
9:14 Feudal Age
9:50 Double-Bit Axe
13:36 Horse Collar
18:23 Fletching
22:25 Castle Age
20:29 Padded Archer Armor
21:11 Gold Mining
23:02 Bodkin Arrow
22:28 Crossbowman
24:01 Bow Saw
26:02 Pikeman
27:29 Squires
28:21 Leather Archer Armor
29:30 Scale Mail Armor
31:33 Arson
32:04 Chain Mail Armor
32:00 Forging
32:34 Ballistics
32:31 Murder Holes
37:52 Imperial Age
36:35 Iron Casting
38:39 Bracer
38:01 Arbalester
38:59 Bogsveigar
39:19 Conscription
39:44 Ring Archer Armor
39:26 Bogsveigar
iSuk | McGoosey
7:11 Loom
9:29 Feudal Age
9:40 Man-at-Arms
15:02 Double-Bit Axe
15:38 Fletching
22:28 Castle Age
27:14 Horse Collar
28:58 Bow Saw
33:40 Heavy Plow
34:07 Bodkin Arrow
34:13 Padded Archer Armor
35:35 Wheelbarrow
34:46 Town Watch
35:36 Ballistics
38:00 Gold Mining
38:09 Stone Mining
41:56 Imperial Age
40:15 Leather Archer Armor
MizD
6:15 Loom
9:00 Feudal Age
9:43 Double-Bit Axe
12:17 Forging
15:03 Scale Barding Armor
17:17 Bloodlines
21:49 Castle Age
21:04 Gold Mining
21:07 Horse Collar
22:06 Light Cavalry
23:46 Iron Casting
23:31 Chain Barding Armor
24:06 Husbandry
27:03 Wheelbarrow
28:13 Gold Shaft Mining
35:20 Stone Mining
38:21 Imperial Age
38:03 Stone Shaft Mining
38:34 Cavalier
39:51 Plate Barding Armor
41:43 Blast Furnace
Connection lost

Rejoining the realm…

Still unreachable

The connection could not be restored.

Session expired

The server has moved on; the page needs a fresh start.